 Dungeon Crawl Stone Soup version 0.14.0-24-gfb45beb (webtiles) character file.

995 Duskembrace the Cleaver (level 8, -5/39 HPs)
             Began as a Vine Stalker Berserker on Apr 23, 2014.
             Was a High Priest of Trog.
             Slain by a wyvern (9 damage)
             ... on Level 5 of the Dungeon.
             The game lasted 00:15:29 (3411 turns).

Duskembrace the Cleaver (Vine Stalker Berserker)    Turns: 3411, Time: 00:15:30

HP  -5/39        AC 10     Str 22      XL: 8   Next:  0%
MP   0/11        EV  9     Int  7      God: Trog [*****.]
Gold 152         SH  0     Dex 14      Spells:  0 memorised,  7 levels left

rFire  . . .     SeeInvis +     F - +0 hand axe
rCold  . . .     Clarity  .     m - +1 scale mail
rNeg   . . .     Conserve .     (no shield)
rPois  .         rCorr    .     (no helmet)
rElec  .         rRot     +     u - +0 cloak
SustAb . .       Spirit   +     (no gloves)
rMut   .         Warding  .     z - +1 pair of boots
Saprov . . .     Stasis   .     (no amulet)
MR     +....                    i - ring of sustenance
                                x - ring of see invisible {unknown}

@: lethally poisoned, somewhat resistant to hostile enchantments, extremely
unstealthy
A: fangs 3, regeneration 2, magic shield, antimagic bite, no device heal
a: Burn Spellbooks, Berserk, Trog's Hand, Brothers in Arms, Renounce Religion


You were on level 5 of the Dungeon.
You worshipped Trog.
Trog was extremely pleased with you.
You were not hungry.

You visited 1 branch of the dungeon, and saw 5 of its levels.
You also visited: Sewer.

You collected 152 gold pieces.

Inventory:

Hand weapons
 a - a +0,+0 hand axe
 A - a +0,+0 war axe
 F - a +0,+0 hand axe (weapon)
Missiles
 y - 2 tomahawks (quivered)
Armour
 b - a +0 animal skin
 m - a +1 scale mail (worn)
 u - a +0 cloak (worn)
 z - a +1 pair of boots (worn)
Comestibles
 c - 4 bread rations
 l - a slice of pizza
 t - a lemon
 C - a choko
 D - a meat ration
 G - an apple
 K - 10 grapes
Scrolls
 d - 7 scrolls of teleportation {unknown}
 e - 4 scrolls of identify {unknown}
 g - 3 scrolls of enchant armour {unknown}
 k - 2 scrolls of fear {unknown}
 q - a scroll of enchant weapon I {unknown}
 r - 3 scrolls of remove curse {unknown}
 v - 2 scrolls of immolation {unknown}
 H - a scroll of blinking {unknown}
 I - 2 scrolls of random uselessness {unknown}
 J - a scroll of recharging {unknown}
Jewellery
 h - an uncursed ring of sustain abilities {unknown}
 i - a ring of sustenance (right hand)
 x - a ring of see invisible (left hand) {unknown}
 E - a cursed ring of teleportation {unknown}
Potions
 f - 2 potions of heal wounds {unknown}
 j - 4 potions of curing {unknown}
 n - 2 potions of paralysis {unknown}
 o - a potion of cure mutation {unknown}
 p - a potion of mutation {unknown}
 s - 2 potions of brilliance {unknown}
 w - 2 potions of haste {unknown}
 B - 2 potions of agility {unknown}


   Skills:
 - Level 2.8 Fighting
 + Level 8.4 Axes
 - Level 1.5 Armour
 - Level 1.5 Dodging


You had 7 spell levels left.
You didn't know any spells.

Dungeon Overview and Level Annotations

Branches:
Dungeon (5/15)             Temple (0/1) D:5

Altars:
Fedhas
Makhleb
Trog

Shops:
D:4 %:=


Innate Abilities, Weirdness & Mutations

You are immune to rotting.
You have razor-sharp teeth.
You heal very quickly.
When hurt, damage is shared between your health and your magic reserves.
Your bite disrupts and absorbs the magic of your enemies.
Potions and wands cannot restore your HP.


Message History

The jackal barks!
The wyvern bites you.
You feel sick.
The jackal barks!
The wyvern bites you but does no damage.
The jackal completely misses you.
You feel sick. The wyvern bites you.
* * * LOW HITPOINT WARNING * * *
The jackal barely misses you.
The jackal bites you but does no damage.
The wyvern bites you but does no damage.
You feel sick.
The wyvern bites you but does no damage.
You hit the wyvern.
The wyvern is severely wounded.
You feel sick. The wyvern closely misses you. The wyvern bites you!
* * * LOW HITPOINT WARNING * * *
The wyvern barely misses you.
You feel sick. The wyvern bites you!
You die...

#.###### ###h### #......#
#.# ######.# #h#
######'## #.# #.......#
#h# #.......## #O#
#........# #.# ###
#....###+#######D##......
#....#.....#....@...#
'....#.⌠.⌠.#.###..###
#....'..>..+ ##.#
##.###.⌠.⌠.# .#
#..##.....# .#
#...###'### .#
##.......># #####.##
......###.###......#
##....# #..##......###


You could see a wyvern, an ogre and 3 jackals.

Vanquished Creatures
  Purgy (Sewer)
  An ogre (D:4)
  2 phantoms (D:5)
  A scorpion (D:4)
  3 hounds
  A jelly (D:5)
  3 orc wizards
  Jessica (D:2)
  7 adders
  2 giant mites (D:4)
  5 worms
  A goliath beetle zombie (D:5)
  6 giant geckos
  7 orcs
  3 ball pythons
  8 bats
  7 giant cockroaches
  16 hobgoblins
  3 jackals (D:5)
  14 kobolds
  4 quokkas
  10 giant newts
  8 goblins
  An orc zombie (D:5)
  13 rats
128 creatures vanquished.

Notes
Turn   | Place    | Note
--------------------------------------------------------------
     0 | D:1      | Duskembrace, the Vine Stalker Berserker, began the quest for the Orb.
     0 | D:1      | Reached XP level 1. HP: 11/11 MP: 1/1
   248 | D:1      | Reached skill level 3 in Axes
   248 | D:1      | Reached XP level 2. HP: 11/16 MP: 3/3
   676 | D:1      | Acquired Trog's second power
   733 | D:1      | Reached XP level 3. HP: 14/19 MP: 4/4
   972 | D:2      | Noticed Jessica
   978 | D:2      | Killed Jessica
   978 | D:2      | Reached skill level 4 in Axes
   978 | D:2      | Reached XP level 4. HP: 18/23 MP: 2/5
  1604 | D:3      | Reached skill level 5 in Axes
  1604 | D:3      | Reached XP level 5. HP: 23/28 MP: 7/7
  1765 | D:3      | Found a burning altar of Makhleb.
  1879 | D:3      | Acquired Trog's third power
  2096 | D:4      | Noticed an ogre
  2103 | D:4      | Killed an ogre
  2103 | D:4      | Reached skill level 6 in Axes
  2103 | D:4      | Gained mutation: You heal very quickly. [vine stalker growth]
  2103 | D:4      | Reached XP level 6. HP: 30/32 MP: 8/8
  2256 | D:4      | Found a glowing drain.
  2263 | Sewer    | Entered a sewer
  2303 | Sewer    | Noticed Purgy
  2309 | Sewer    | Killed Purgy
  2309 | Sewer    | Reached XP level 7. HP: 35/35 MP: 9/9
  2352 | Sewer    | Reached skill level 7 in Axes
  2613 | D:4      | Found a bloodstained altar of Trog.
  2759 | D:4      | Found Qilifik's Jewellery Boutique.
  2781 | D:4      | Found Ogralias' Book Emporium.
  2896 | D:4      | Found Lum Duv's Food Shoppe.
  2983 | D:5      | Entered Level 5 of the Dungeon
  3283 | D:5      | Reached skill level 8 in Axes
  3292 | D:5      | Found a staircase to the Ecumenical Temple.
  3366 | D:5      | Gained mutation: You have razor-sharp teeth. [vine stalker growth]
  3366 | D:5      | Reached XP level 8. HP: 37/39 MP: 11/11
  3379 | D:5      | Found a blossoming altar of Fedhas.
  3388 | D:5      | Noticed a wyvern
  3411 | D:5      | Slain by a wyvern

Action                   |  1- 3 |  4- 6 |  7- 9 || total
-------------------------+-------+-------+-------++-------
Melee: Hand axe          |    91 |   194 |   145 ||   430
Throw: Tomahawk          |       |     2 |       ||     2
Invok: Berserk           |     1 |     1 |       ||     2
